 Dungeon Crawl Stone Soup version 0.26.0-5-gb5863c6483 (webtiles) character file.

Game seed: 3173809550826372440

3430 Destapler the Fighter (level 10, 0/90 HPs)
             Began as a Hill Orc Fighter on Jan 10, 2021.
             Was a Follower of Makhleb.
             Slain by an orc warrior
             ... wielding a cursed -2 hand axe
              (1 damage)
             ... on level 8 of the Dungeon.
             The game lasted 00:16:07 (7877 turns).

Destapler the Fighter (Hill Orc Fighter)            Turns: 7877, Time: 00:16:08

Health: 0/90       AC: 11    Str: 27    XL:     10   Next: 5%
Magic:  12/12      EV:  8    Int:  6    God:    Makhleb [*.....]
Gold:   288        SH: 17    Dex: 18    Spells: 9/9 levels left

rFire    . . .     SeeInvis .   a - +3 short sword (elec)
rCold    . . .     Faith    .   c - +1 kite shield
rNeg     . . .     Spirit   .   b - +0 scale mail
rPois    .         Reflect  .   (no helmet)
rElec    .         Harm     .   (no cloak)
rCorr    .         Rampage  .   F - +2 pair of gloves of Minor Irritation {Str+4 Int-4}
Will     .....                  (no boots)
Stlth    ..........             (no amulet)
HPRegen  0.25/turn              (no ring)
MPRegen  0.13/turn              A - +6 ring of dexterity

@: no status effects
A: large bone plates 1, agile 1, blurry vision 1, clever 1
a: Renounce Religion


You were on level 8 of the Dungeon.
You worshipped Makhleb.
Makhleb was aware of your devotion.
You visited 2 branches of the dungeon, and saw 9 of its levels.

You collected 589 gold pieces.
You spent 301 gold pieces at shops.

Inventory:

Hand Weapons
 a - a +3 short sword of electrocution (weapon)
Missiles
 w - 2 datura-tipped darts (quivered)
 B - 8 boomerangs
Armour
 b - a +0 scale mail (worn)
 c - a +1 kite shield (worn)
 F - the +2 pair of gloves of Minor Irritation (worn) {Str+4 Int-4}
   (You bought it in a shop on level 4 of the Dungeon)

   It affects your strength (+4).
   It affects your intelligence (-4).
Jewellery
 f - a +4 ring of evasion
 A - a +6 ring of dexterity (right hand)
Wands
 d - a wand of paralysis (6)
 y - a wand of random effects (26)
Scrolls
 e - 2 scrolls of amnesia
 h - 2 scrolls of enchant armour
 i - 9 scrolls of identify
 n - a scroll of fear
 p - 2 scrolls of remove curse
 q - 2 scrolls of silence {unknown}
 u - 5 scrolls of teleportation {unknown}
 x - a scroll of noise {unknown}
 z - 5 scrolls of magic mapping {unknown}
 C - 4 scrolls of fog {unknown}
 D - 2 scrolls of blinking {unknown}
Potions
 g - 3 potions of attraction
 j - a potion of cancellation
 k - 2 potions of magic
 l - 2 potions of flight
 m - 3 potions of curing
 o - a potion of ambrosia
 r - a potion of might
 s - 2 potions of haste
 t - a potion of invisibility {unknown}


   Skills:
 + Level 8.4 Fighting
 * Level 4.1 Short Blades
 - Level 7.2 Axes
 + Level 7.7 Armour
 + Level 7.7 Shields
 + Level 3.7 Invocations
 - Level 4.0 Evocations


You had 9 spell levels left.
You didn't know any spells.
Your spell library was empty.

Dungeon Overview and Level Annotations

Branches:
Dungeon (8/15)             Temple (1/1) D:7
   Lair: D:8-11

Altars:
Ashenzari
Cheibriados
Dithmenos
Elyvilon
Gozag
Hepliaklqana
Kikubaaqudgha
Makhleb
Nemelex Xobeh
Okawaru
Qazlal
Ru
Sif Muna
Trog
Uskayaw
Vehumet
Wu Jian
Yredelemnul
Zin

Shops:
D:4 [   D:5 *


Innate Abilities, Weirdness & Mutations

You are partially covered in large bone plates. (SH +4)
You are agile. (Dex +2)
Scrolls take you a little longer to read.
Your mind is acute. (Int +2)


Message History

The orc warrior is lightly wounded.
The orc wizard mumbles some strange words.
The orc wizard seems to speed up.
You block the orc's attack. The orc warrior barely misses you.
You hit the orc warrior but do no damage.
Lightning courses through the orc warrior!
The orc warrior is moderately wounded.
You block the orc's attack. The orc warrior closely misses you.
The orc wizard gestures at you while chanting.
The puff of flame hits you!
* * * LOW HITPOINT WARNING * * *
You puncture the orc warrior!
The orc warrior is severely wounded.
The orc wizard casts a spell at you. The magic dart hits you!
* * * LOW HITPOINT WARNING * * *
The orc hits you with a +0 hand axe.
* * * LOW HITPOINT WARNING * * *
The orc warrior hits you with a cursed -2 hand axe.
You die...

#.)......# #>.......## #
#..(.............#
#.#.##....##..........#
#.......(.# .........#
..##.##...(#### #..."...
.. #)......# #.......
..#####.......# #.......
.......@o.....###.......
.......ooo..............
....#.##.########.......
(.. #. #.# #####... ..
#. ... #... . # .....
#... ... #... .... #$..
#...


You could see an orc warrior, an orc wizard (fast) and 2 orcs.

Vanquished Creatures
  Pikel (D:4)
  Maurice (D:8)
  Grinder (D:3)
  Eustachio (D:5)
  An orc warrior (D:8)
  3 sky beasts
  An ogre (D:7)
  2 phantoms
  4 centaurs
  3 lemures
  2 bullfrogs
  A wyvern zombie (D:8)
  3 scorpions
  2 water moccasin skeletons
  3 wights (D:8)
  2 bullfrog zombies
  2 howler monkeys (D:8)
  3 jellies
  2 hounds
  3 orc wizards
  Jessica (D:2)
  A bullfrog skeleton (D:5)
  Terence (D:2)
  3 iguanas
  4 worker ants
  Ijyb (D:3)
  A killer bee zombie (D:5)
  A hound zombie (D:6)
  Robin (D:3)
  3 gnolls (D:3)
  A howler monkey skeleton (D:6)
  9 adders
  A shadow imp (D:5)
  2 adder skeletons
  3 worms (D:3)
  A dart slug (D:2)
  6 leopard geckos
  13 orcs
  3 bats
  6 giant cockroaches
  7 hobgoblins (D:3)
  25 jackals
  7 kobolds
  2 ball pythons
  5 frilled lizards
  13 goblins
  A leopard gecko skeleton (D:4)
  A leopard gecko zombie (D:5)
  6 rats
170 creatures vanquished.

Vanquished Creatures (others)
  A plant (D:3)
1 creature vanquished.

Grand Total: 171 creatures vanquished

Notes
Turn   | Place    | Note
-------+----------+-------------------------------------------
     0 | D:1      | Destapler the Hill Orc Fighter began the quest for the Orb.
     0 | D:1      | Reached XP level 1. HP: 19/19 MP: 1/1
   170 | D:1      | Reached XP level 2. HP: 27/27 MP: 2/2
   704 | D:2      | Noticed Terence
   710 | D:2      | Killed Terence
   711 | D:2      | Reached skill level 4 in Fighting
   711 | D:2      | Reached XP level 3. HP: 28/33 MP: 3/3
  1152 | D:2      | Noticed Jessica
  1162 | D:2      | Killed Jessica
  1163 | D:2      | Reached XP level 4. HP: 32/41 MP: 4/4
  1590 | D:3      | Reached XP level 5. HP: 25/47 MP: 5/5
  1781 | D:3      | Noticed Ijyb
  1789 | D:3      | Killed Ijyb
  2060 | D:3      | Noticed Grinder
  2097 | D:3      | Killed Grinder
  2098 | D:3      | Reached skill level 5 in Fighting
  2098 | D:3      | Reached skill level 5 in Axes
  2098 | D:3      | Reached skill level 1 in Evocations
  2098 | D:3      | Reached XP level 6. HP: 14/56 MP: 6/6
  2447 | D:3      | Reached XP level 7. HP: 37/61 MP: 7/7
  2458 | D:3      | Noticed Robin
  2499 | D:3      | Reached skill level 5 in Armour
  2503 | D:3      | Killed Robin
  2508 | D:3      | HP: 3/61 [hobgoblin/+0 club[Robin] (2)]
  2813 | D:3      | Reached skill level 5 in Shields
  3782 | D:4      | Found Amonoig's Armour Shoppe.
  4230 | D:5      | Entered Level 5 of the Dungeon
  4368 | D:5      | Reached skill level 6 in Fighting
  4448 | D:5      | Reached XP level 8. HP: 70/70 MP: 8/8
  4566 | D:5      | Noticed Eustachio
  4583 | D:4      | Noticed Pikel
  4626 | D:4      | Killed Pikel
  4679 | D:5      | Killed Eustachio
  4680 | D:5      | Reached skill level 7 in Fighting
  4846 | D:5      | Found Nuhalem's Assorted Antiques.
  4894 | D:5      | Reached XP level 9. HP: 79/79 MP: 9/9
  5123 | D:5      | Found an iron altar of Okawaru.
  5457 | D:4      | Bought the +2 pair of gloves of Minor Irritation {Str+4
                  | Int-4} for 301 gold pieces
  5483 | D:4      | Gained mutation: You are agile. (Dex +2) [potion of
                  | mutation]
  5483 | D:4      | Gained mutation: Your mind is acute. (Int +2) [potion of
                  | mutation]
  5483 | D:4      | Gained mutation: Scrolls take you a little longer to read.
                  | [potion of mutation]
  5483 | D:4      | Gained mutation: You are partially covered in large bone
                  | plates. (SH +4) [potion of mutation]
  6390 | D:7      | Found a staircase to the Ecumenical Temple.
  6423 | Temple   | Entered the Ecumenical Temple
  6641 | Temple   | Became a worshipper of Makhleb the Destroyer
  7083 | D:7      | Reached skill level 1 in Short Blades
  7085 | D:7      | Reached skill level 1 in Invocations
  7375 | D:8      | Reached skill level 8 in Fighting
  7380 | D:8      | Reached * piety under Makhleb
  7396 | D:8      | Noticed Maurice
  7866 | D:8      | Killed Maurice
  7867 | D:8      | Reached XP level 10. HP: 16/90 MP: 12/12
  7877 | D:8      | HP: 3/90 [orc wizard/magic dart (8)]
  7877 | D:8      | HP: 1/90 [orc/+0 hand axe (2)]
  7877 | D:8      | Slain by an orc warrior

Illustrated notes

Levels and vault maps discovered:
D:1:      lemuel_arrival_broad_hall, layout_rooms, minmay_quantized
D:2:      layout_loops_ring, chequers_serial_rivers_room_a, uniq_jessica,
          uniq_terence
D:3:      layout_loops_cross, corexii_shack, small_statue_alley_b, uniq_ijyb,
          uniq_grinder, uniq_robin
D:4:      layout_loops_ring, serial_shops, nicolae_shop_stone, uniq_pikel
D:5:      layout_rooms, kennysheep_mini_moat, serial_rivers,
          chequers_serial_rivers_micro_d, chequers_serial_rivers_micro_b,
          chequers_serial_rivers_micro_b, chequers_serial_rivers_micro_c,
          chequers_serial_rivers_small_a, chequers_serial_rivers_micro_c,
          serial_shops, kennysheep_little_box, uniq_eustachio
D:6:      layout_loops_corners
D:7:      minmay_spotlight, layout_loops_ring, minmay_temple_entry_junction_2,
          kennysheep_minor_cross
D:8:      layout_basic, uniq_maggie, uniq_maurice
Temple:   dpeg_five_rooms_temple

Skill      XL: |  1  2  3  4  5  6  7  8  9 |
---------------+----------------------------+-----
Axes           | 3 4 5 6 7 |  7.2
Fighting       | 4 5 6 7 8 |  8.4
Armour         | 4 5 6 7 |  7.7
Shields        | 4 5 6 7 |  7.7
Evocations     | 1 2 4 |  4.0
Short Blades   | 4 |  4.1
Invocations    | 3 |  3.7

Action                   |  1- 3 |  4- 6 |  7- 9 | 10-12 || total
-------------------------+-------+-------+-------+-------++-------
Melee: War axe           |    38 |       |       |       ||    38
       Short sword       |    23 |   112 |   444 |     7 ||   586
       Spear             |       |       |    37 |       ||    37
  Use: Potion            |       |     2 |    11 |       ||    13
       Scroll            |       |       |    10 |       ||    10
Armor: Scale mail        |    27 |    42 |   206 |     1 ||   276
Dodge: Dodged            |    16 |    27 |   130 |     2 ||   175
Block: Kite shield       |    28 |    42 |   380 |     4 ||   454
